 Dungeon Crawl Stone Soup version 0.19-a0-347-g6bb00b2 (webtiles) character file.

214 TheWatcher the Insei (level 5, -1/43 HPs)
             Began as a Mummy Monk on May 29, 2016.
             Slain by a centaur (10 damage)
             ... on level 5 of the Dungeon.
             The game lasted 00:04:46 (5025 turns).

TheWatcher the Insei (Mummy Monk)                   Turns: 5025, Time: 00:04:47

Health: -1/43      AC:  0    Str: 15    XL:     5   Next: 60%
Magic:  5/5        EV: 13    Int:  9    God:
Gold:   194        SH:  0    Dex: 15    Spells: 0 memorised, 4 levels left

rFire  x . .     SeeInvis .       - Unarmed
rCold  + + .     Gourm    .     (no armour)
rNeg   + + +     Faith    .     (no shield)
rPois  ∞         Spirit   .     (no helmet)
rElec  .         Dismiss  .     (no cloak)
rCorr  .         Reflect  .     (no gloves)
SustAt .         Harm     .     (no boots)
MR     .....                    (no amulet)
Stlth  ++........               (no ring)
                                i - ring of protection from cold

@: not resistant to hostile enchantments, unstealthy
A: no food or potions, fire vulnerability, cold resistance 1, negative energy
resistance 3, torment resistance, unbreathing
a: no special abilities


You were on level 5 of the Dungeon.
You were not hungry.

You visited 1 branch of the dungeon, and saw 5 of its levels.

You collected 194 gold pieces.


Innate Abilities, Weirdness & Mutations

You do not eat or drink.
Your flesh is vulnerable to fire.
You are immune to poison.
Your flesh is cold resistant. (rC+)
You are immune to negative energy. (rN+++)
You are immune to unholy pain and torment.
You can survive without breathing.


   Skills:
 + Level 4.4 Fighting
 - Level 2.4 Dodging
 - Level 1.5 Stealth
 - Level 5.0 Unarmed Combat


You had 4 spell levels left.
You didn't know any spells.

Inventory:

Jewellery
 i - a ring of protection from cold (left hand)
 j - an uncursed ring of flight {unknown}
Scrolls
 a - 4 scrolls of remove curse {unknown}
 b - a scroll of enchant armour {unknown}
 d - 2 scrolls of immolation {unknown}
 e - 2 scrolls of fog {unknown}
 f - 2 scrolls of identify {unknown}
 g - a scroll of blinking {unknown}
 h - 2 scrolls of noise {unknown}
 k - a scroll of magic mapping {unknown}
 l - a scroll of amnesia {unknown}
 m - a scroll of fear {unknown}
 n - a scroll of random uselessness {unknown}
Comestibles
 c - 4 fruits (quivered)

Dungeon Overview and Level Annotations

Branches:
Dungeon (5/15)
 Temple: D:4-7

Altars:
Ashenzari
Dithmenos
Pakellas
Xom

Annotations:
D:4 exclusions: howler monkey, ogre and phantom

▒...▒ ▒▒..▒
▒..▒ ▒▒>▒ ▒.▒
▒▒.▒ ▒▒▒▒▒
▒▒▒.(▒
.%....▒▒(..▒▒
▒.....cM.▒▒▒
▒....▒.▒▒▒
▒.. ▒. ▒ 88
.8. ..8.
...8. ▒▒▒▒88


You could see a centaur.


Message History

* * * don't die
* * * You pulverise the centaur but do no damage!
The centaur is lightly wounded!
The centaur closely misses you!
You squash the centaur like an ant!!!
The centaur is heavily wounded!
The centaur hits you! * * * don't die
* * * You barely miss the centaur!
The centaur is heavily wounded!
The centaur closely misses you! The centaur completely misses you!
You squash the centaur but do no damage!
The centaur is heavily wounded!
The centaur misses you!
You pummel the centaur like a punching bag!
The centaur is heavily wounded!
The centaur barely misses you! The centaur closely misses you!
You squash the centaur like an ant!
The centaur is severely wounded!
The centaur barely misses you!
You barely miss the centaur!
The centaur is severely wounded!
The centaur closely misses you!
You pummel the centaur like a punching bag!
The centaur is almost dead!
The centaur barely misses you! The centaur completely misses you!
You pulverise the centaur!
The centaur is almost dead!
The centaur hits you!!! rip

Action                   |  1- 3 |  4- 6 || total
-------------------------+-------+-------++-------
Melee: Unarmed           |   107 |   156 ||   263
       Punch             |     2 |     3 ||     5
 Stab: Sleeping          |     5 |     3 ||     8
Dodge: Dodged            |    62 |    86 ||   148

Vault maps used:
D:1:      lightli_arrival_lavapool
D:2:      amethyst_overflow_temple_binary, xom_teletrap_fun
D:3:      ashenzari_altar_1, first_bread, hangedman_decor_points,
          johnstein_pakellas_dig
D:4:      grunt_temple_overflow_champion_of_chaos, overflow_temple_1_default,
          guppyfry_early_lair_pool
D:5:      wad_lake_hut, trog_eyes_of_draining, minmay_temple_entry_statues,
          uniq_menkaure, uniq_eustachio

Notes
Turn   | Place    | Note
--------------------------------------------------------------
     0 | D:1      | TheWatcher the Mummy Monk began the quest for the Orb.
     0 | D:1      | Reached XP level 1. HP: 18/18 MP: 1/1
   136 | D:1      | Reached XP level 2. HP: 16/24 MP: 2/2
   407 | D:1      | Reached skill level 4 in Unarmed Combat
   773 | D:1      | Reached XP level 3. HP: 29/29 MP: 3/3
  1678 | D:2      | Reached XP level 4. HP: 26/35 MP: 4/4
  2017 | D:2      | Found a shimmering altar of Xom.
  2241 | D:2      | Found a shadowy altar of Dithmenos.
  2241 | D:2      | Found an oddly glowing altar of Pakellas.
  2376 | D:3      | Reached skill level 5 in Unarmed Combat
  2757 | D:3      | Found a shattered altar of Ashenzari.
  3089 | D:3      | Found an oddly glowing altar of Pakellas.
  3610 | D:4      | Noticed a phantom
  3799 | D:4      | Noticed an ogre
  3936 | D:4      | Reached XP level 5. HP: 23/41 MP: 5/5
  4287 | D:4      | Reached skill level 4 in Fighting
  4995 | D:5      | Entered Level 5 of the Dungeon
  5009 | D:5      | Noticed a centaur
  5025 | D:5      | Slain by a centaur

Vanquished Creatures
  2 worker ants (D:4)
  A hound skeleton (D:4)
  A gnoll (D:1)
  8 adders
  2 worms
  3 dart slugs
  6 giant geckos
  2 giant cockroaches
  10 goblins
  2 hobgoblins
  4 jackals (D:4)
  2 quokkas
  3 bats (D:1)
  5 giant newts
  4 kobolds
  5 rats
60 creatures vanquished.

Vanquished Creatures (others)
  A plant (D:4)
1 creature vanquished.

Grand Total: 61 creatures vanquished
